[ AOE2 MATCH · #483305709 ]
Team RMBohemians vs Sicilians
[ REPLAY ANALYSIS · EXTRACTED FROM THE RECORDED GAME ]
Feudal
10:59
Castle
17:29
Imperial
31:07
| APM avg | 39.4 |
| APM peak | 85 |
| eAPM avg | 21.2 |
| Villagers / military | 142 / 262 |
Focus
⚔️ 31.5% · 🌾 68.5%
Spearman ×193 · Hussite Wagon ×42 · Battering Ram ×13 · Trebuchet (Packed) ×8 · Petard ×6
Feudal
8:22
Castle
20:02
Imperial
30:03
| APM avg | 33.6 |
| APM peak | 66 |
| eAPM avg | 24.7 |
| Villagers / military | 114 / 279 |
Focus
⚔️ 42.2% · 🌾 57.8%
Spearman ×193 · Serjeant ×82 · Unknown (882) ×20 · Trebuchet (Packed) ×4
Feudal
10:54
Castle
20:39
Imperial
32:10
| APM avg | 33.6 |
| APM peak | 77 |
| eAPM avg | 20.9 |
| Villagers / military | 130 / 249 |
Focus
⚔️ 25.2% · 🌾 74.8%
Spearman ×170 · Unknown (1959) ×79 · Archer ×77 · Unknown (1942) ×8 · Mangonel ×2 · Unknown (1966) ×1
Feudal
—
Castle
—
Imperial
—
| APM avg | 27.9 |
| APM peak | 83 |
| eAPM avg | 15.9 |
| Villagers / military | 143 / 143 |
Focus
⚔️ 18.1% · 🌾 81.9%
Camel Scout ×115 · Chakram Thrower ×28
Feudal
11:44
Castle
16:47
Imperial
35:15
| APM avg | 36.9 |
| APM peak | 84 |
| eAPM avg | 18.0 |
| Villagers / military | 131 / 193 |
Focus
⚔️ 20.7% · 🌾 79.3%
Knight ×188 · Monk ×4 · Scout Cavalry ×1
Feudal
11:02
Castle
14:47
Imperial
29:01
| APM avg | 31.6 |
| APM peak | 60 |
| eAPM avg | 22.3 |
| Villagers / military | 221 / 300 |
Focus
⚔️ 28.6% · 🌾 71.4%
Scorpion ×131 · Scout Cavalry ×75 · Battle Elephant ×73 · Battering Ram ×11 · Monk ×5 · Trebuchet (Packed) ×5
Feudal
11:16
Castle
15:36
Imperial
32:29
| APM avg | 18.4 |
| APM peak | 41 |
| eAPM avg | 12.7 |
| Villagers / military | 136 / 343 |
Focus
⚔️ 33.2% · 🌾 66.8%
Spearman ×166 · Knight ×109 · Scout Cavalry ×64 · Bombard Cannon ×4
Feudal
11:10
Castle
14:56
Imperial
34:59
| APM avg | 32.3 |
| APM peak | 80 |
| eAPM avg | 20.7 |
| Villagers / military | 183 / 56 |
Focus
⚔️ 14.3% · 🌾 85.7%
Genoese Crossbowman ×44 · Monk ×12
Match map
Resources at game start + every placement click. Thick line = wall · dashed box = detected house wall. 🟡 gold · ⚪ stone · 🟢 berries · 🔶 boar · ⭕ relic
Inputs per minute
— MorikawaKouichi - - Thorin Escudo de Roble
Build order — MorikawaKouichi
First 150 of 424 actions detected
| 0:01 | Create | Villager (Male) |
| 0:01 | Create | Villager (Male) |
| 0:02 | Create | Villager (Male) |
| 0:03 | Build | House |
| 0:05 | Build | House |
| 0:18 | Create | Villager (Male) |
| 0:19 | Create | Villager (Male) |
| 1:24 | Create | Villager (Male) |
| 1:25 | Create | Villager (Male) |
| 1:44 | Build | Mill |
| 2:06 | Create | Villager (Male) |
| 2:06 | Create | Villager (Male) |
| 2:23 | Create | Villager (Male) |
| 2:23 | Create | Villager (Male) |
| 2:48 | Create | Villager (Male) |
| 2:48 | Create | Villager (Male) |
| 3:19 | Create | Villager (Male) |
| 3:35 | Create | Villager (Male) |
| 3:36 | Create | Villager (Male) |
| 3:54 | Build | House |
| 4:04 | Create | Villager (Male) |
| 4:04 | Create | Villager (Male) |
| 4:22 | Create | Villager (Male) |
| 4:22 | Create | Villager (Male) |
| 4:37 | Create | Villager (Male) |
| 5:04 | Create | Villager (Male) |
| 5:04 | Create | Villager (Male) |
| 5:11 | Build | House |
| 5:20 | Create | Villager (Male) |
| 6:28 | Create | Villager (Male) |
| 7:34 | Create | Villager (Male) |
| 7:34 | Create | Villager (Male) |
| 8:02 | Create | Villager (Male) |
| 8:13 | Build | Lumber Camp |
| 8:27 | Build | Mining Camp |
| 8:43 | Research | Feudal Age |
| 8:43 | Research | Feudal Age |
| 8:59 | Build | House |
| 10:29 | Create | Villager (Male) |
| 10:30 | Create | Villager (Male) |
| 10:30 | Create | Villager (Male) |
| 10:59 | Age | Feudal Age |
| 11:00 | Build | Farm |
| 11:00 | Build | Farm |
| 11:00 | Build | Farm |
| 11:06 | Build | Blacksmith |
| 11:08 | Build | Market |
| 12:08 | Build | Mining Camp |
| 12:11 | Create | Villager (Male) |
| 12:24 | Build | House |
| 12:35 | Create | Villager (Male) |
| 12:55 | Build | Farm |
| 13:06 | Create | Villager (Male) |
| 13:23 | Create | Villager (Male) |
| 13:30 | Build | Farm |
| 13:34 | Build | Farm |
| 13:44 | Build | Farm |
| 13:54 | Create | Villager (Male) |
| 14:08 | Build | Farm |
| 14:23 | Create | Villager (Male) |
| 14:24 | Build | Farm |
| 14:33 | Build | House |
| 14:49 | Research | Castle Age |
| 14:50 | Research | Castle Age |
| 15:30 | Create | Villager (Male) |
| 15:58 | Research | Double-Bit Axe |
| 15:58 | Research | Double-Bit Axe |
| 16:20 | Build | Farm |
| 16:23 | Build | Farm |
| 17:29 | Age | Castle Age |
| 17:40 | Build | Castle |
| 17:42 | Create | Villager (Male) |
| 17:54 | Build | Town Center |
| 18:05 | Build | Farm |
| 18:14 | Build | Farm |
| 18:14 | Build | Farm |
| 18:19 | Create | Villager (Male) |
| 18:22 | Build | Farm |
| 18:27 | Build | House |
| 18:40 | Create | Villager (Male) |
| 18:55 | Build | Siege Workshop |
| 18:59 | Create | Villager (Male) |
| 19:10 | Build | Farm |
| 19:13 | Create | Villager (Male) |
| 19:16 | Create | Villager (Male) |
| 19:19 | Research | Wheelbarrow |
| 19:19 | Research | Wheelbarrow |
| 19:32 | Create | Petard |
| 19:32 | Create | Petard |
| 19:51 | Create | Villager (Male) |
| 19:51 | Create | Villager (Male) |
| 20:23 | Create | Villager (Male) |
| 20:31 | Create | Battering Ram |
| 20:31 | Create | Battering Ram |
| 20:36 | Create | Villager (Male) |
| 20:36 | Create | Villager (Male) |
| 20:53 | Build | Farm |
| 20:56 | Build | Farm |
| 21:11 | Create | Villager (Male) |
| 21:12 | Create | Villager (Male) |
| 21:17 | Create | Petard |
| 21:22 | Create | Battering Ram |
| 21:22 | Create | Battering Ram |
| 21:22 | Create | Battering Ram |
| 21:22 | Create | Battering Ram |
| 21:24 | Create | Villager (Male) |
| 21:24 | Create | Villager (Male) |
| 21:43 | Create | Hussite Wagon |
| 21:46 | Create | Petard |
| 21:50 | Create | Villager (Male) |
| 21:56 | Create | Battering Ram |
| 21:56 | Create | Battering Ram |
| 22:10 | Create | Villager (Male) |
| 22:21 | Create | Hussite Wagon |
| 22:22 | Create | Hussite Wagon |
| 22:29 | Create | Hussite Wagon |
| 22:29 | Create | Hussite Wagon |
| 22:40 | Create | Villager (Male) |
| 22:45 | Build | Farm |
| 22:51 | Create | Villager (Male) |
| 22:55 | Create | Battering Ram |
| 22:55 | Create | Battering Ram |
| 22:55 | Create | Battering Ram |
| 23:07 | Create | Villager (Male) |
| 23:07 | Create | Villager (Male) |
| 23:13 | Build | Farm |
| 23:35 | Create | Battering Ram |
| 23:35 | Create | Battering Ram |
| 23:38 | Create | Villager (Male) |
| 23:39 | Create | Villager (Male) |
| 23:41 | Build | Farm |
| 23:43 | Build | Farm |
| 23:47 | Build | House |
| 23:55 | Create | Villager (Male) |
| 23:55 | Create | Villager (Male) |
| 24:13 | Build | House |
| 24:33 | Create | Villager (Male) |
| 24:33 | Create | Villager (Male) |
| 24:36 | Research | Hand Cart |
| 24:37 | Research | Hand Cart |
| 24:42 | Build | House |
| 24:42 | Build | House |
| 24:42 | Build | House |
| 24:43 | Build | House |
| 24:43 | Build | House |
| 24:43 | Build | House |
| 24:43 | Build | House |
| 24:44 | Build | House |
| 25:24 | Create | Hussite Wagon ×3 |
| 25:25 | Create | Hussite Wagon ×3 |
Build order — Thorin Escudo de Roble
First 150 of 591 actions detected
| 0:02 | Create | Villager (Male) |
| 0:02 | Create | Villager (Male) |
| 0:02 | Create | Villager (Male) |
| 0:04 | Build | House |
| 0:06 | Build | House |
| 0:07 | Create | Villager (Male) |
| 1:35 | Create | Villager (Male) |
| 1:52 | Build | Lumber Camp |
| 2:17 | Create | Villager (Male) |
| 2:18 | Create | Villager (Male) |
| 2:59 | Create | Villager (Male) |
| 3:23 | Create | Villager (Male) |
| 3:32 | Create | Villager (Male) |
| 3:57 | Build | House |
| 4:02 | Create | Villager (Male) |
| 4:33 | Build | Mill |
| 4:46 | Create | Villager (Male) |
| 5:05 | Create | Villager (Male) |
| 5:30 | Create | Villager (Male) |
| 5:33 | Research | Loom |
| 6:12 | Research | Feudal Age |
| 7:09 | Build | Mining Camp |
| 7:44 | Build | Donjon |
| 8:13 | Create | Villager (Male) |
| 8:17 | Build | House |
| 8:19 | Build | House |
| 8:22 | Age | Feudal Age |
| 8:34 | Create | Villager (Male) |
| 8:51 | Create | Serjeant |
| 8:51 | Create | Serjeant |
| 8:55 | Create | Villager (Male) |
| 9:21 | Create | Villager (Male) |
| 10:09 | Build | Mill |
| 10:14 | Create | Villager (Male) |
| 10:17 | Create | Villager (Male) |
| 10:29 | Create | Serjeant |
| 10:48 | Build | Lumber Camp |
| 10:53 | Create | Villager (Male) |
| 11:15 | Create | Villager (Male) |
| 12:03 | Create | Villager (Male) |
| 12:16 | Research | Horse Collar |
| 12:28 | Create | Villager (Male) |
| 12:50 | Build | Farm |
| 12:54 | Build | Farm |
| 12:57 | Build | Farm |
| 12:59 | Build | Farm |
| 13:03 | Build | Farm |
| 13:04 | Build | Farm |
| 13:08 | Create | Villager (Male) |
| 13:09 | Create | Villager (Male) |
| 13:15 | Build | House |
| 13:20 | Build | House |
| 14:43 | Build | Market |
| 14:47 | Create | Villager (Male) |
| 14:48 | Create | Villager (Male) |
| 15:22 | Create | Villager (Male) |
| 15:50 | Create | Villager (Male) |
| 15:58 | Build | Blacksmith |
| 16:08 | Create | Villager (Male) |
| 16:11 | Build | Farm |
| 16:56 | Create | Villager (Male) |
| 16:58 | Build | Farm |
| 17:22 | Research | Castle Age |
| 17:29 | Build | Farm |
| 18:48 | Create | Villager (Male) |
| 18:48 | Create | Villager (Male) |
| 19:31 | Build | Mill |
| 19:58 | Build | House |
| 19:59 | Build | House |
| 20:02 | Age | Castle Age |
| 20:10 | Create | Villager (Male) |
| 20:16 | Build | Town Center |
| 20:48 | Create | Villager (Male) |
| 21:02 | Build | Town Center |
| 21:07 | Create | Villager (Male) |
| 21:08 | Create | Villager (Male) |
| 21:20 | Create | Villager (Male) |
| 21:20 | Create | Villager (Male) |
| 21:24 | Build | Farm |
| 21:25 | Build | Farm |
| 21:30 | Research | Heavy Plow |
| 21:32 | Research | Double-Bit Axe |
| 21:55 | Build | Stone Wall |
| 22:08 | Build | Stone Wall |
| 22:12 | Build | Stone Wall |
| 22:22 | Build | Stone Wall |
| 22:33 | Build | Building 487 |
| 22:38 | Create | Villager (Male) |
| 22:38 | Create | Villager (Male) |
| 22:40 | Create | Villager (Male) |
| 22:40 | Create | Villager (Male) |
| 22:42 | Create | Villager (Male) |
| 22:47 | Build | Farm |
| 22:48 | Build | Farm |
| 22:50 | Build | Farm |
| 22:51 | Build | Mill |
| 22:52 | Build | Farm |
| 22:52 | Build | Farm |
| 22:54 | Create | Villager (Male) |
| 22:54 | Create | Villager (Male) |
| 22:54 | Create | Villager (Male) |
| 23:32 | Build | Stone Wall |
| 23:39 | Build | Farm |
| 23:39 | Build | Farm |
| 23:40 | Build | Farm |
| 23:49 | Build | Farm |
| 23:56 | Create | Villager (Male) |
| 23:57 | Create | Villager (Male) |
| 23:57 | Create | Villager (Male) |
| 23:58 | Create | Villager (Male) |
| 23:59 | Create | Villager (Male) |
| 24:07 | Build | Stone Wall |
| 24:11 | Build | Stone Wall |
| 24:12 | Build | Stone Wall |
| 24:19 | Create | Villager (Male) |
| 24:26 | Create | Villager (Male) |
| 24:32 | Build | Farm |
| 24:36 | Build | House |
| 24:39 | Build | House |
| 24:43 | Build | House |
| 24:44 | Build | House |
| 24:47 | Create | Villager (Male) |
| 24:48 | Create | Villager (Male) |
| 24:50 | Create | Villager (Male) |
| 24:52 | Create | Villager (Male) |
| 25:05 | Create | Villager (Male) |
| 25:05 | Create | Villager (Male) |
| 25:13 | Build | Farm |
| 25:15 | Build | Farm |
| 25:16 | Build | Mill |
| 25:17 | Build | Farm |
| 25:17 | Build | Farm |
| 25:19 | Create | Villager (Male) |
| 25:28 | Build | University |
| 25:45 | Build | Monastery |
| 25:48 | Create | Villager (Male) |
| 25:50 | Create | Villager (Male) |
| 26:03 | Create | Villager (Male) |
| 26:05 | Create | Villager (Male) |
| 26:22 | Build | Outpost |
| 26:34 | Build | Farm |
| 26:35 | Build | Farm |
| 26:35 | Build | Farm |
| 26:35 | Build | Farm |
| 26:35 | Build | Farm |
| 26:43 | Research | Imperial Age |
| 26:46 | Create | Villager (Male) |
| 26:47 | Create | Villager (Male) |
| 26:51 | Build | Farm |
| 26:51 | Build | Farm |
Build order — alucard4566
First 150 of 426 actions detected
| 0:01 | Create | Villager (Male) |
| 0:02 | Create | Villager (Male) |
| 0:03 | Build | House |
| 0:06 | Build | House |
| 0:31 | Create | Villager (Male) |
| 0:42 | Create | Villager (Male) |
| 1:24 | Create | Villager (Male) |
| 1:44 | Build | Lumber Camp |
| 2:02 | Create | Villager (Male) |
| 2:26 | Create | Villager (Male) |
| 2:48 | Create | Villager (Male) |
| 3:11 | Create | Villager (Male) |
| 3:36 | Create | Villager (Male) |
| 3:55 | Build | House |
| 3:56 | Build | House |
| 3:58 | Build | House |
| 4:02 | Create | Villager (Male) |
| 4:25 | Create | Villager (Male) |
| 4:40 | Build | Mill |
| 5:11 | Create | Villager (Male) |
| 5:30 | Create | Villager (Male) |
| 5:49 | Create | Villager (Male) |
| 5:59 | Create | Villager (Male) |
| 6:05 | Build | Mill |
| 6:10 | Create | Villager (Male) |
| 6:38 | Create | Villager (Male) |
| 6:59 | Build | Mining Camp |
| 7:15 | Create | Villager (Male) |
| 7:33 | Create | Villager (Male) |
| 7:55 | Create | Villager (Male) |
| 8:14 | Research | Loom |
| 8:16 | Research | Feudal Age |
| 8:37 | Build | Mining Camp |
| 8:48 | Build | Palisade Wall |
| 8:51 | Build | Palisade Wall |
| 8:54 | Build | Palisade Wall |
| 8:56 | Build | Palisade Wall |
| 8:57 | Build | Palisade Wall |
| 9:03 | Build | Palisade Wall |
| 9:24 | Build | House |
| 10:15 | Create | Villager (Male) |
| 10:16 | Create | Villager (Male) |
| 10:33 | Create | Villager (Male) |
| 10:54 | Age | Feudal Age |
| 11:08 | Build | Watch Tower |
| 11:23 | Build | Watch Tower |
| 11:29 | Build | Blacksmith |
| 11:36 | Create | Villager (Male) |
| 11:59 | Research | Fletching |
| 12:15 | Build | Stone Wall |
| 12:16 | Build | Stone Wall |
| 12:27 | Create | Villager (Male) |
| 12:46 | Create | Villager (Male) |
| 12:49 | Build | Farm |
| 12:50 | Build | Farm |
| 13:04 | Build | Farm |
| 13:08 | Research | Double-Bit Axe |
| 13:23 | Create | Villager (Male) |
| 13:33 | Build | Farm |
| 13:38 | Build | Farm |
| 13:43 | Create | Villager (Male) |
| 13:59 | Create | Villager (Male) |
| 14:12 | Build | Building 487 |
| 14:27 | Create | Villager (Male) |
| 14:37 | Build | Farm |
| 14:41 | Build | Farm |
| 14:51 | Create | Villager (Male) |
| 15:04 | Build | Market |
| 15:09 | Build | Farm |
| 15:10 | Create | Villager (Male) |
| 15:35 | Create | Villager (Male) |
| 15:54 | Build | Blacksmith |
| 15:58 | Create | Villager (Male) |
| 16:02 | Build | Farm |
| 16:09 | Build | House |
| 16:10 | Build | House |
| 16:27 | Build | Farm |
| 16:34 | Create | Villager (Male) |
| 16:43 | Create | Villager (Male) |
| 16:58 | Create | Villager (Male) |
| 17:06 | Build | House |
| 17:22 | Build | House |
| 17:30 | Create | Villager (Male) |
| 17:54 | Research | Castle Age |
| 18:01 | Research | Horse Collar |
| 18:35 | Build | Building 796 |
| 18:40 | Research | Stone Mining |
| 18:43 | Research | Gold Mining |
| 20:20 | Create | Villager (Male) |
| 20:20 | Create | Villager (Male) |
| 20:39 | Age | Castle Age |
| 21:04 | Create | Villager (Male) |
| 21:16 | Build | Town Center |
| 21:27 | Build | Stone Wall |
| 21:28 | Build | Stone Wall |
| 21:32 | Create | Villager (Male) |
| 21:33 | Create | Villager (Male) |
| 21:41 | Build | Town Center |
| 22:11 | Build | Town Center |
| 22:19 | Create | Villager (Male) |
| 22:25 | Build | House |
| 22:27 | Build | House |
| 22:31 | Build | House |
| 22:35 | Create | Villager (Male) |
| 22:35 | Create | Villager (Male) |
| 22:35 | Create | Villager (Male) |
| 22:46 | Research | Bow Saw |
| 22:56 | Research | Wheelbarrow |
| 23:03 | Build | Farm |
| 23:04 | Build | Farm |
| 23:07 | Create | Villager (Male) |
| 23:08 | Create | Villager (Male) |
| 23:18 | Create | Villager (Male) |
| 23:19 | Create | Villager (Male) |
| 23:28 | Build | Farm |
| 23:30 | Build | Farm |
| 23:33 | Create | Villager (Male) |
| 23:34 | Create | Villager (Male) |
| 23:42 | Build | House |
| 23:44 | Build | House |
| 23:50 | Create | Villager (Male) |
| 23:51 | Create | Villager (Male) |
| 24:19 | Build | Mining Camp |
| 24:21 | Create | Villager (Male) |
| 24:21 | Create | Villager (Male) |
| 24:22 | Create | Villager (Male) |
| 24:23 | Create | Villager (Male) |
| 24:30 | Build | Farm |
| 24:30 | Build | Farm |
| 24:30 | Build | Farm |
| 24:31 | Build | Farm |
| 24:31 | Build | Farm |
| 24:36 | Create | Villager (Male) |
| 24:39 | Build | House |
| 24:41 | Create | Villager (Male) |
| 24:43 | Build | Farm |
| 24:46 | Create | Villager (Male) |
| 24:49 | Build | Farm |
| 24:51 | Build | Farm |
| 24:55 | Create | Villager (Male) |
| 25:03 | Create | Villager (Male) |
| 25:04 | Create | Villager (Male) |
| 25:07 | Build | Farm |
| 25:11 | Create | Villager (Male) |
| 25:15 | Build | Farm |
| 25:16 | Create | Villager (Male) |
| 25:16 | Create | Villager (Male) |
| 25:19 | Create | Villager (Male) |
| 25:24 | Build | Farm |
| 25:25 | Build | Farm |
Build order — BIGBALZIE
First 150 of 346 actions detected
| 0:03 | Build | House |
| 0:04 | Create | Villager (Male) |
| 0:04 | Create | Villager (Male) |
| 0:04 | Create | Villager (Male) |
| 0:05 | Build | House |
| 0:21 | Build | Mill |
| 1:02 | Create | Villager (Male) |
| 1:03 | Create | Villager (Male) |
| 1:43 | Create | Villager (Male) |
| 2:08 | Create | Villager (Male) |
| 2:13 | Create | Villager (Male) |
| 2:27 | Build | House |
| 2:29 | Build | House |
| 2:30 | Build | House |
| 3:02 | Create | Villager (Male) |
| 3:13 | Create | Villager (Male) |
| 3:43 | Research | Loom |
| 3:44 | Create | Villager (Male) |
| 3:44 | Create | Villager (Male) |
| 4:03 | Create | Villager (Male) |
| 4:03 | Create | Villager (Male) |
| 4:27 | Create | Villager (Male) |
| 4:28 | Create | Villager (Male) |
| 4:40 | Build | Mill |
| 5:11 | Create | Villager (Male) |
| 5:11 | Create | Villager (Male) |
| 5:12 | Create | Villager (Male) |
| 5:43 | Create | Villager (Male) |
| 5:44 | Create | Villager (Male) |
| 6:07 | Create | Villager (Male) |
| 6:07 | Create | Villager (Male) |
| 6:08 | Create | Villager (Male) |
| 6:08 | Create | Villager (Male) |
| 6:08 | Create | Villager (Male) |
| 6:35 | Build | Lumber Camp |
| 7:47 | Build | Mining Camp |
| 8:33 | Research | Feudal Age |
| 10:36 | Create | Villager (Male) |
| 10:37 | Create | Villager (Male) |
| 10:37 | Create | Villager (Male) |
| 11:06 | Build | Market |
| 11:13 | Research | Double-Bit Axe |
| 11:29 | Build | Blacksmith |
| 12:17 | Create | Villager (Male) |
| 12:24 | Build | Farm |
| 12:26 | Build | Farm |
| 12:31 | Build | Farm |
| 12:33 | Research | Castle Age |
| 12:43 | Build | Farm |
| 12:43 | Build | Farm |
| 12:45 | Build | Farm |
| 12:47 | Build | Farm |
| 13:04 | Build | Farm |
| 13:14 | Build | Farm |
| 13:37 | Build | House |
| 13:39 | Build | House |
| 13:40 | Build | House |
| 13:43 | Build | House |
| 13:53 | Research | Wheelbarrow |
| 15:32 | Create | Villager (Male) |
| 15:37 | Build | Town Center |
| 15:45 | Research | Bow Saw |
| 15:47 | Research | Horse Collar |
| 16:35 | Create | Villager (Male) |
| 16:35 | Create | Villager (Male) |
| 16:36 | Create | Villager (Male) |
| 16:36 | Create | Villager (Male) |
| 16:36 | Create | Villager (Male) |
| 16:41 | Build | Farm |
| 16:44 | Build | Farm |
| 16:47 | Build | Farm |
| 16:53 | Build | Farm |
| 16:58 | Build | Farm |
| 17:03 | Build | Farm |
| 17:07 | Create | Villager (Male) |
| 17:07 | Create | Villager (Male) |
| 17:33 | Create | Villager (Male) |
| 17:33 | Create | Villager (Male) |
| 17:33 | Create | Villager (Male) |
| 17:40 | Build | Town Center |
| 17:44 | Create | Villager (Male) |
| 17:44 | Create | Villager (Male) |
| 17:52 | Build | House |
| 17:54 | Build | House |
| 17:55 | Build | House |
| 17:57 | Build | House |
| 17:58 | Build | House |
| 17:59 | Build | House |
| 17:59 | Build | House |
| 18:00 | Build | House |
| 18:03 | Build | House |
| 18:04 | Build | House |
| 18:08 | Create | Villager (Male) |
| 18:09 | Create | Villager (Male) |
| 18:09 | Create | Villager (Male) |
| 18:09 | Create | Villager (Male) |
| 18:31 | Research | Heavy Plow |
| 18:49 | Create | Villager (Male) |
| 18:49 | Create | Villager (Male) |
| 18:50 | Create | Villager (Male) |
| 18:57 | Build | Farm |
| 19:00 | Build | Farm |
| 19:04 | Build | Farm |
| 19:12 | Build | Farm |
| 19:14 | Create | Villager (Male) |
| 19:15 | Create | Villager (Male) |
| 19:15 | Create | Villager (Male) |
| 19:17 | Create | Villager (Male) |
| 19:33 | Build | Farm |
| 19:38 | Build | Farm |
| 19:41 | Create | Villager (Male) |
| 19:41 | Create | Villager (Male) |
| 19:42 | Create | Villager (Male) |
| 19:43 | Create | Villager (Male) |
| 19:43 | Create | Villager (Male) |
| 19:47 | Build | Farm |
| 19:54 | Build | Farm |
| 19:56 | Build | Farm |
| 19:59 | Create | Villager (Male) |
| 20:00 | Create | Villager (Male) |
| 20:06 | Create | Villager (Male) |
| 20:06 | Create | Villager (Male) |
| 20:13 | Create | Villager (Male) |
| 20:13 | Create | Villager (Male) |
| 20:40 | Create | Villager (Male) |
| 20:40 | Create | Villager (Male) |
| 20:41 | Create | Villager (Male) |
| 20:41 | Create | Villager (Male) |
| 20:41 | Create | Villager (Male) |
| 20:45 | Create | Villager (Male) |
| 20:45 | Create | Villager (Male) |
| 20:54 | Research | Gold Mining |
| 21:12 | Build | Barracks |
| 21:17 | Create | Villager (Male) |
| 21:17 | Create | Villager (Male) |
| 21:18 | Create | Villager (Male) |
| 21:18 | Create | Villager (Male) |
| 21:19 | Create | Villager (Male) |
| 21:19 | Create | Villager (Male) |
| 21:34 | Build | Mining Camp |
| 21:56 | Research | Hand Cart |
| 21:56 | Create | Villager (Male) |
| 22:02 | Create | Villager (Male) |
| 22:05 | Create | Villager (Male) |
| 22:05 | Create | Villager (Male) |
| 22:14 | Build | Farm |
| 22:14 | Build | Farm |
| 22:15 | Build | Farm |
| 22:15 | Build | Farm |
| 22:16 | Build | Farm |
Build order — obamama
First 150 of 317 actions detected
| 0:01 | Create | Villager (Male) |
| 0:02 | Create | Villager (Male) |
| 0:02 | Create | Villager (Male) |
| 0:06 | Create | Villager (Male) |
| 0:07 | Create | Villager (Male) |
| 1:42 | Create | Villager (Male) |
| 1:42 | Create | Villager (Male) |
| 1:51 | Create | Villager (Male) |
| 2:05 | Create | Villager (Male) |
| 2:05 | Create | Villager (Male) |
| 2:50 | Create | Villager (Male) |
| 2:51 | Create | Villager (Male) |
| 3:27 | Create | Villager (Male) |
| 3:28 | Create | Villager (Male) |
| 4:01 | Create | Villager (Male) |
| 4:02 | Create | Villager (Male) |
| 4:02 | Create | Villager (Male) |
| 4:02 | Create | Villager (Male) |
| 4:48 | Build | Mill |
| 5:09 | Build | Lumber Camp |
| 5:32 | Create | Villager (Male) |
| 5:33 | Create | Villager (Male) |
| 5:33 | Create | Villager (Male) |
| 5:33 | Create | Villager (Male) |
| 5:34 | Create | Villager (Male) |
| 5:34 | Create | Villager (Male) |
| 6:21 | Create | Villager (Male) |
| 6:32 | Build | Mill |
| 6:57 | Create | Villager (Male) |
| 6:58 | Create | Villager (Male) |
| 8:54 | Create | Villager (Male) |
| 9:34 | Research | Feudal Age |
| 10:28 | Build | Farm |
| 10:28 | Build | Farm |
| 10:29 | Build | Farm |
| 10:31 | Build | Farm |
| 10:38 | Build | Mining Camp |
| 11:03 | Create | Villager (Male) |
| 11:03 | Create | Villager (Male) |
| 11:40 | Build | Farm |
| 11:44 | Age | Feudal Age |
| 11:45 | Build | Farm |
| 11:49 | Build | Blacksmith |
| 11:55 | Build | Market |
| 12:06 | Build | Market |
| 12:11 | Create | Villager (Male) |
| 12:35 | Build | Barracks |
| 12:40 | Build | Farm |
| 13:05 | Build | Farm |
| 13:07 | Create | Villager (Male) |
| 13:39 | Build | Stable |
| 14:07 | Research | Castle Age |
| 14:38 | Research | Double-Bit Axe |
| 14:47 | Research | Horse Collar |
| 14:47 | Research | Horse Collar |
| 14:52 | Build | Farm |
| 15:15 | Research | Gold Mining |
| 15:55 | Build | Farm |
| 16:13 | Create | Villager (Male) |
| 16:14 | Create | Villager (Male) |
| 16:14 | Create | Villager (Male) |
| 16:47 | Age | Castle Age |
| 16:49 | Build | Monastery |
| 17:06 | Build | Town Center |
| 17:11 | Create | Knight |
| 17:11 | Create | Knight |
| 17:26 | Create | Villager (Male) |
| 17:41 | Create | Monk |
| 17:56 | Research | Gold Shaft Mining |
| 18:15 | Build | Town Center |
| 18:29 | Create | Knight |
| 18:32 | Create | Villager (Male) |
| 18:32 | Create | Villager (Male) |
| 18:35 | Build | Farm |
| 19:14 | Create | Knight |
| 19:31 | Create | Monk |
| 19:32 | Create | Knight |
| 19:44 | Create | Knight |
| 19:52 | Research | Forging |
| 19:55 | Create | Villager (Male) |
| 19:55 | Create | Villager (Male) |
| 20:02 | Build | Farm |
| 20:03 | Build | Farm |
| 20:11 | Create | Villager (Male) |
| 20:11 | Create | Villager (Male) |
| 20:13 | Create | Villager (Male) |
| 20:14 | Create | Villager (Male) |
| 20:31 | Create | Knight |
| 20:53 | Create | Knight |
| 21:01 | Create | Villager (Male) |
| 21:01 | Create | Villager (Male) |
| 21:04 | Create | Villager (Male) |
| 21:04 | Create | Villager (Male) |
| 21:12 | Build | Farm |
| 21:14 | Build | Farm |
| 21:19 | Build | Farm |
| 21:21 | Build | Farm |
| 21:29 | Create | Knight |
| 21:33 | Research | Scale Barding Armor |
| 21:46 | Build | Farm |
| 21:55 | Create | Knight |
| 22:12 | Create | Monk |
| 22:16 | Create | Knight |
| 22:16 | Create | Knight |
| 22:25 | Build | Farm |
| 22:26 | Build | Farm |
| 22:27 | Create | Villager (Male) |
| 22:29 | Create | Villager (Male) |
| 22:44 | Research | Wheelbarrow |
| 22:44 | Research | Wheelbarrow |
| 22:49 | Build | Farm |
| 22:54 | Create | Villager (Male) |
| 22:55 | Create | Villager (Male) |
| 23:07 | Create | Knight |
| 23:26 | Create | Knight |
| 23:48 | Create | Villager (Male) |
| 23:50 | Create | Villager (Male) |
| 23:53 | Create | Villager (Male) |
| 23:54 | Create | Villager (Male) |
| 23:54 | Create | Villager (Male) |
| 23:55 | Create | Villager (Male) |
| 23:55 | Create | Villager (Male) |
| 24:01 | Build | Farm |
| 24:06 | Create | Knight |
| 24:32 | Create | Knight |
| 24:44 | Research | Chain Barding Armor |
| 25:39 | Research | Bloodlines |
| 25:47 | Create | Knight |
| 25:47 | Create | Knight |
| 26:17 | Create | Knight |
| 26:17 | Create | Knight |
| 26:17 | Create | Knight |
| 26:26 | Build | Stable |
| 26:27 | Build | Stable |
| 26:31 | Create | Villager (Male) |
| 26:31 | Create | Villager (Male) |
| 26:32 | Create | Villager (Male) |
| 26:32 | Create | Villager (Male) |
| 26:32 | Create | Villager (Male) |
| 26:33 | Create | Villager (Male) |
| 26:33 | Create | Villager (Male) |
| 26:46 | Build | Town Center |
| 26:49 | Create | Scout Cavalry |
| 26:54 | Create | Monk |
| 27:20 | Research | Husbandry |
| 27:21 | Research | Iron Casting |
| 27:32 | Create | Villager (Male) |
| 27:33 | Create | Villager (Male) |
| 27:33 | Create | Villager (Male) |
| 27:33 | Create | Villager (Male) |
Build order — SuperNoob
First 150 of 475 actions detected
| 0:01 | Create | Villager (Male) |
| 0:01 | Create | Villager (Male) |
| 0:02 | Create | Villager (Male) |
| 0:02 | Create | Villager (Male) |
| 0:02 | Create | Villager (Male) |
| 0:02 | Create | Villager (Male) |
| 0:03 | Build | House |
| 0:05 | Build | House |
| 1:43 | Create | Villager (Male) |
| 1:44 | Create | Villager (Male) |
| 2:04 | Create | Villager (Male) |
| 2:32 | Create | Villager (Male) |
| 2:33 | Create | Villager (Male) |
| 3:02 | Create | Villager (Male) |
| 3:02 | Create | Villager (Male) |
| 3:03 | Create | Villager (Male) |
| 3:15 | Create | Villager (Male) |
| 3:16 | Create | Villager (Male) |
| 3:16 | Create | Villager (Male) |
| 3:19 | Create | Villager (Male) |
| 3:20 | Create | Villager (Male) |
| 3:40 | Build | House |
| 3:44 | Build | Lumber Camp |
| 4:13 | Create | Villager (Male) |
| 4:14 | Create | Villager (Male) |
| 4:14 | Create | Villager (Male) |
| 4:14 | Create | Villager (Male) |
| 4:36 | Create | Villager (Male) |
| 4:37 | Create | Villager (Male) |
| 4:52 | Create | Villager (Male) |
| 4:52 | Create | Villager (Male) |
| 4:52 | Create | Villager (Male) |
| 4:52 | Create | Villager (Male) |
| 5:10 | Build | House |
| 5:20 | Create | Villager (Male) |
| 5:20 | Create | Villager (Male) |
| 5:21 | Create | Villager (Male) |
| 5:57 | Build | Mill |
| 6:03 | Create | Villager (Male) |
| 6:03 | Create | Villager (Male) |
| 6:03 | Create | Villager (Male) |
| 6:17 | Create | Villager (Male) |
| 6:18 | Create | Villager (Male) |
| 6:49 | Create | Villager (Male) |
| 6:49 | Create | Villager (Male) |
| 6:56 | Build | Mill |
| 7:15 | Create | Villager (Male) |
| 7:19 | Build | House |
| 7:21 | Build | House |
| 7:44 | Build | House |
| 8:07 | Build | Mining Camp |
| 8:50 | Research | Feudal Age |
| 9:07 | Build | Farm |
| 9:13 | Build | Farm |
| 9:16 | Build | Farm |
| 9:25 | Create | Villager (Male) |
| 10:26 | Build | Farm |
| 10:29 | Build | Farm |
| 10:31 | Build | Farm |
| 10:46 | Build | Farm |
| 11:02 | Age | Feudal Age |
| 11:17 | Create | Villager (Male) |
| 11:35 | Build | Farm |
| 12:07 | Research | Castle Age |
| 12:24 | Research | Double-Bit Axe |
| 13:49 | Create | Villager (Male) |
| 13:51 | Research | Horse Collar |
| 14:47 | Age | Castle Age |
| 14:59 | Build | Town Center |
| 15:13 | Build | Town Center |
| 15:18 | Create | Villager (Male) |
| 15:18 | Create | Villager (Male) |
| 15:19 | Research | Loom |
| 15:31 | Build | Lumber Camp |
| 16:02 | Create | Villager (Male) |
| 16:02 | Create | Villager (Male) |
| 16:02 | Create | Villager (Male) |
| 16:38 | Create | Villager (Male) |
| 16:38 | Create | Villager (Male) |
| 16:50 | Research | Bow Saw |
| 16:54 | Create | Villager (Male) |
| 16:54 | Create | Villager (Male) |
| 16:59 | Build | Farm |
| 16:59 | Build | Farm |
| 17:00 | Build | Farm |
| 17:00 | Build | Farm |
| 17:15 | Create | Villager (Male) |
| 17:15 | Create | Villager (Male) |
| 17:15 | Create | Villager (Male) |
| 17:27 | Create | Villager (Male) |
| 17:27 | Create | Villager (Male) |
| 17:34 | Build | Town Center |
| 17:43 | Build | House |
| 17:51 | Build | Town Center |
| 17:56 | Create | Villager (Male) |
| 17:56 | Create | Villager (Male) |
| 17:56 | Create | Villager (Male) |
| 17:56 | Create | Villager (Male) |
| 18:01 | Build | Farm |
| 18:06 | Create | Villager (Male) |
| 18:18 | Create | Villager (Male) |
| 18:19 | Create | Villager (Male) |
| 18:30 | Build | Farm |
| 18:32 | Build | Farm |
| 18:34 | Build | Farm |
| 18:39 | Create | Villager (Male) |
| 18:40 | Create | Villager (Male) |
| 18:53 | Build | House |
| 18:54 | Build | House |
| 18:56 | Build | Farm |
| 18:59 | Build | Farm |
| 19:01 | Create | Villager (Male) ×2 |
| 19:01 | Create | Villager (Male) ×2 |
| 19:07 | Create | Villager (Male) |
| 19:07 | Create | Villager (Male) |
| 19:09 | Build | Farm |
| 19:11 | Build | Farm |
| 19:16 | Create | Villager (Male) |
| 19:16 | Create | Villager (Male) |
| 19:17 | Create | Villager (Male) |
| 19:25 | Create | Villager (Male) |
| 19:25 | Create | Villager (Male) |
| 19:30 | Build | House |
| 19:30 | Build | House |
| 19:33 | Create | Villager (Male) |
| 19:33 | Create | Villager (Male) |
| 19:40 | Build | Farm |
| 19:44 | Build | Farm |
| 19:47 | Create | Villager (Male) |
| 19:47 | Create | Villager (Male) |
| 19:55 | Create | Villager (Male) |
| 19:55 | Create | Villager (Male) |
| 19:56 | Create | Villager (Male) |
| 20:02 | Build | Farm |
| 20:03 | Build | Farm |
| 20:11 | Create | Villager (Male) ×2 |
| 20:11 | Create | Villager (Male) ×2 |
| 20:18 | Create | Villager (Male) |
| 20:18 | Create | Villager (Male) |
| 20:18 | Create | Villager (Male) |
| 20:23 | Build | House |
| 20:25 | Build | House |
| 20:27 | Create | Villager (Male) |
| 20:28 | Create | Villager (Male) |
| 20:28 | Create | Villager (Male) |
| 20:28 | Create | Villager (Male) |
| 20:36 | Create | Villager (Male) |
| 20:36 | Create | Villager (Male) |
| 20:42 | Create | Villager (Male) |
| 20:42 | Create | Villager (Male) |
Build order — Kamrul007
First 150 of 327 actions detected
| 0:04 | Create | Villager (Male) ×5 |
| 0:06 | Build | House |
| 0:10 | Build | House |
| 1:40 | Create | Villager (Male) |
| 2:08 | Create | Villager (Male) |
| 2:13 | Build | Lumber Camp |
| 2:18 | Create | Villager (Male) |
| 2:45 | Create | Villager (Male) |
| 2:58 | Create | Villager (Male) |
| 3:11 | Build | House |
| 3:13 | Build | House |
| 3:15 | Build | House |
| 3:21 | Build | House |
| 3:38 | Create | Villager (Male) ×2 |
| 4:24 | Create | Villager (Male) |
| 4:36 | Build | Mill |
| 5:14 | Create | Villager (Male) ×3 |
| 5:49 | Create | Villager (Male) |
| 6:29 | Create | Villager (Male) ×4 |
| 6:57 | Build | Mining Camp |
| 7:10 | Build | Mill |
| 7:26 | Create | Villager (Male) |
| 7:27 | Research | Loom |
| 8:44 | Research | Feudal Age |
| 9:01 | Build | Barracks |
| 9:06 | Build | House |
| 9:10 | Build | House |
| 9:12 | Build | House |
| 9:19 | Create | Villager (Male) ×3 |
| 9:34 | Create | Villager (Male) |
| 9:51 | Create | Villager (Male) |
| 11:15 | Build | Farm |
| 11:16 | Build | Farm |
| 11:16 | Age | Feudal Age |
| 11:16 | Build | Farm |
| 11:18 | Build | Farm |
| 11:25 | Build | Stable |
| 12:15 | Build | Blacksmith |
| 13:00 | Research | Castle Age |
| 13:22 | Build | Farm |
| 13:24 | Build | Farm |
| 13:26 | Build | Farm |
| 13:30 | Build | Farm |
| 13:37 | Research | Double-Bit Axe |
| 13:58 | Research | Horse Collar |
| 14:00 | Research | Bloodlines |
| 14:14 | Build | Farm |
| 15:06 | Research | Scale Barding Armor |
| 15:36 | Age | Castle Age |
| 15:44 | Build | Town Center |
| 15:47 | Research | Town Watch |
| 15:50 | Create | Villager (Male) |
| 16:08 | Build | Farm |
| 16:09 | Build | Farm |
| 16:10 | Build | Farm |
| 16:11 | Build | Farm |
| 16:30 | Research | Forging |
| 16:43 | Build | Farm |
| 16:44 | Build | Farm |
| 16:46 | Build | Farm |
| 16:48 | Build | Farm |
| 16:52 | Create | Villager (Male) |
| 17:17 | Create | Knight |
| 17:34 | Create | Villager (Male) ×2 |
| 17:56 | Create | Villager (Male) ×2 |
| 18:07 | Create | Knight |
| 18:17 | Create | Villager (Male) |
| 18:25 | Create | Villager (Male) |
| 18:35 | Create | Knight |
| 18:44 | Create | Villager (Male) |
| 18:51 | Create | Villager (Male) |
| 19:01 | Build | Town Center |
| 19:05 | Create | Knight |
| 19:22 | Create | Knight |
| 19:24 | Create | Villager (Male) |
| 19:34 | Build | Farm |
| 19:36 | Build | Farm |
| 19:38 | Create | Villager (Male) ×2 |
| 19:49 | Create | Villager (Male) |
| 19:58 | Create | Knight |
| 20:16 | Create | Villager (Male) ×2 |
| 20:29 | Build | House |
| 20:30 | Build | House |
| 20:32 | Build | House |
| 20:33 | Build | House |
| 20:34 | Build | House |
| 20:51 | Create | Villager (Male) ×3 |
| 21:00 | Create | Villager (Male) ×2 |
| 21:08 | Create | Villager (Male) |
| 21:14 | Build | Farm |
| 21:15 | Build | Farm |
| 21:16 | Build | Farm |
| 21:17 | Build | Farm |
| 21:18 | Build | Farm |
| 21:25 | Create | Villager (Male) ×2 |
| 21:48 | Create | Villager (Male) ×3 |
| 21:56 | Create | Villager (Male) |
| 22:08 | Create | Villager (Male) |
| 22:18 | Build | Farm |
| 22:19 | Build | Farm |
| 22:21 | Build | Farm |
| 22:22 | Build | Farm |
| 22:32 | Research | Bow Saw |
| 23:00 | Build | Farm |
| 23:04 | Build | Farm |
| 23:06 | Build | Farm |
| 23:09 | Create | Villager (Male) |
| 23:10 | Create | Villager (Male) |
| 23:10 | Create | Villager (Male) |
| 23:12 | Create | Villager (Male) |
| 23:13 | Create | Villager (Male) |
| 23:13 | Create | Villager (Male) |
| 23:25 | Research | Heavy Plow |
| 23:31 | Create | Villager (Male) |
| 23:40 | Create | Villager (Male) ×2 |
| 23:50 | Build | House |
| 23:51 | Build | House |
| 23:52 | Build | House |
| 23:53 | Build | House |
| 23:55 | Build | House |
| 23:59 | Build | House |
| 24:00 | Build | House |
| 24:01 | Build | House |
| 24:02 | Build | House |
| 24:03 | Build | House |
| 24:05 | Build | House |
| 24:09 | Research | Wheelbarrow |
| 24:10 | Create | Villager (Male) |
| 24:16 | Create | Villager (Male) ×2 |
| 24:24 | Build | Farm |
| 24:32 | Build | Farm |
| 24:33 | Build | Farm |
| 24:35 | Build | Farm |
| 24:38 | Create | Villager (Male) ×3 |
| 24:45 | Build | Farm |
| 24:46 | Build | Farm |
| 24:47 | Build | Farm |
| 24:54 | Create | Villager (Male) ×4 |
| 25:15 | Research | Husbandry |
| 25:18 | Create | Villager (Male) |
| 25:24 | Build | Farm |
| 25:25 | Build | Farm |
| 25:26 | Build | Farm |
| 25:27 | Build | Farm |
| 25:28 | Build | Farm |
| 25:30 | Build | Farm |
| 25:38 | Research | Iron Casting |
| 26:00 | Research | Chain Barding Armor |
| 26:07 | Create | Villager (Male) |
| 26:07 | Create | Villager (Male) |
Build order — EzZzE14 ⭐⭐⭐
First 150 of 355 actions detected
| 0:01 | Create | Villager (Male) |
| 0:01 | Create | Villager (Male) |
| 0:01 | Create | Villager (Male) |
| 0:02 | Build | House |
| 0:03 | Build | House |
| 0:04 | Create | Villager (Male) |
| 0:04 | Create | Villager (Male) |
| 1:24 | Create | Villager (Male) |
| 1:50 | Build | Lumber Camp |
| 2:04 | Create | Villager (Male) |
| 2:04 | Create | Villager (Male) |
| 2:13 | Create | Villager (Male) |
| 2:47 | Create | Villager (Male) |
| 2:47 | Create | Villager (Male) |
| 3:01 | Create | Villager (Male) |
| 3:02 | Create | Villager (Male) |
| 3:30 | Build | House |
| 3:35 | Create | Villager (Male) |
| 3:35 | Create | Villager (Male) |
| 3:38 | Build | House |
| 3:54 | Create | Villager (Male) |
| 3:55 | Create | Villager (Male) |
| 3:58 | Build | House |
| 4:00 | Build | House |
| 4:26 | Create | Villager (Male) |
| 4:26 | Create | Villager (Male) |
| 4:42 | Build | Mill |
| 5:09 | Create | Villager (Male) |
| 5:09 | Create | Villager (Male) |
| 5:09 | Create | Villager (Male) |
| 5:56 | Create | Villager (Male) |
| 6:22 | Create | Villager (Male) |
| 6:22 | Create | Villager (Male) |
| 6:22 | Create | Villager (Male) |
| 6:27 | Create | Villager (Male) |
| 6:27 | Create | Villager (Male) |
| 6:52 | Create | Villager (Male) |
| 7:09 | Build | Lumber Camp |
| 7:42 | Build | Mill |
| 8:35 | Create | Villager (Male) |
| 8:40 | Build | Mining Camp |
| 8:45 | Research | Feudal Age |
| 9:50 | Create | Villager (Male) |
| 9:50 | Create | Villager (Male) |
| 11:10 | Age | Feudal Age |
| 11:12 | Build | Market |
| 11:14 | Build | Blacksmith |
| 12:16 | Research | Castle Age |
| 12:25 | Build | Mining Camp |
| 13:11 | Create | Villager (Male) |
| 13:12 | Create | Villager (Male) |
| 13:52 | Build | House |
| 14:33 | Research | Double-Bit Axe |
| 14:38 | Research | Horse Collar |
| 14:56 | Age | Castle Age |
| 15:28 | Build | Farm |
| 15:41 | Build | Castle |
| 15:50 | Create | Villager (Male) |
| 15:55 | Build | Farm |
| 16:15 | Build | Farm |
| 16:17 | Create | Villager (Male) |
| 16:32 | Build | Town Center |
| 16:43 | Create | Villager (Male) |
| 16:48 | Build | Farm |
| 17:04 | Build | Farm |
| 17:06 | Build | Farm |
| 17:08 | Build | Farm |
| 17:14 | Build | Farm |
| 17:18 | Build | Farm |
| 17:23 | Create | Genoese Crossbowman |
| 17:23 | Create | Genoese Crossbowman |
| 17:23 | Create | Genoese Crossbowman |
| 17:26 | Create | Villager (Male) |
| 17:49 | Build | Town Center |
| 17:51 | Create | Villager (Male) |
| 17:54 | Create | Genoese Crossbowman |
| 17:58 | Build | Farm |
| 18:11 | Create | Villager (Male) |
| 18:11 | Create | Villager (Male) |
| 18:14 | Build | Farm |
| 18:23 | Build | Farm |
| 18:29 | Create | Villager (Male) |
| 18:42 | Build | Farm |
| 18:52 | Create | Villager (Male) |
| 18:52 | Create | Villager (Male) |
| 19:00 | Build | Farm |
| 19:06 | Build | Farm |
| 19:12 | Create | Villager (Male) |
| 19:22 | Build | Farm |
| 19:27 | Create | Villager (Male) |
| 19:28 | Create | Villager (Male) |
| 19:35 | Build | Farm |
| 19:37 | Create | Villager (Male) |
| 19:38 | Create | Villager (Male) |
| 19:45 | Build | Farm |
| 19:57 | Build | Farm |
| 19:59 | Create | Villager (Male) |
| 20:00 | Create | Villager (Male) |
| 20:11 | Create | Villager (Male) |
| 20:12 | Create | Villager (Male) |
| 20:19 | Build | Farm |
| 20:23 | Build | Farm |
| 20:26 | Create | Villager (Male) |
| 20:27 | Create | Villager (Male) |
| 20:30 | Create | Villager (Male) |
| 20:35 | Build | Farm |
| 20:39 | Build | Farm |
| 20:43 | Create | Villager (Male) |
| 20:44 | Build | Farm |
| 20:47 | Create | Villager (Male) |
| 20:47 | Create | Villager (Male) |
| 20:57 | Create | Villager (Male) |
| 21:02 | Build | Farm |
| 21:16 | Build | Farm |
| 21:19 | Build | Farm |
| 21:20 | Create | Villager (Male) |
| 21:22 | Create | Villager (Male) |
| 21:22 | Create | Villager (Male) |
| 21:27 | Build | Farm |
| 21:29 | Build | Farm |
| 21:32 | Create | Villager (Male) |
| 21:32 | Create | Villager (Male) |
| 21:33 | Create | Villager (Male) |
| 21:34 | Create | Villager (Male) |
| 21:36 | Create | Genoese Crossbowman |
| 21:37 | Create | Genoese Crossbowman |
| 22:02 | Create | Villager (Male) |
| 22:03 | Create | Villager (Male) |
| 22:04 | Create | Villager (Male) |
| 22:07 | Build | Monastery |
| 22:12 | Create | Villager (Male) |
| 22:18 | Create | Genoese Crossbowman |
| 22:21 | Create | Villager (Male) |
| 22:33 | Create | Villager (Male) |
| 22:36 | Build | Farm |
| 22:39 | Build | Farm |
| 22:51 | Build | House |
| 22:52 | Research | Wheelbarrow |
| 22:56 | Research | Loom |
| 23:04 | Research | Town Watch |
| 23:11 | Build | Farm |
| 23:23 | Create | Villager (Male) |
| 23:24 | Create | Villager (Male) |
| 23:25 | Create | Villager (Male) |
| 23:32 | Build | House |
| 23:35 | Create | Villager (Male) |
| 23:46 | Create | Genoese Crossbowman |
| 23:46 | Create | Monk |
| 23:52 | Create | Villager (Male) |
| 23:53 | Create | Villager (Male) |
Match timeline
| 7:44 | Thorin Escudo de Roble · first_building Donjon |
| 8:22 | Thorin Escudo de Roble · age_up feudal |
| 8:48 | alucard4566 · wall_segment Palisade Wall x1 |
| 8:51 | alucard4566 · wall_segment Palisade Wall x5 |
| 8:54 | alucard4566 · wall_segment Palisade Wall x13 |
| 8:56 | alucard4566 · wall_segment Palisade Wall x1 |
| 8:57 | alucard4566 · wall_segment Palisade Wall x1 |
| 9:01 | Kamrul007 · first_building Barracks |
| 9:03 | alucard4566 · wall_segment Palisade Wall x7 |
| 10:54 | alucard4566 · age_up feudal |
| 10:59 | MorikawaKouichi · age_up feudal |
| 11:02 | SuperNoob · age_up feudal |
| 11:10 | EzZzE14 ⭐⭐⭐ · age_up feudal |
| 11:16 | Kamrul007 · age_up feudal |
| 11:25 | Kamrul007 · first_building Stable |
| 11:44 | obamama · age_up feudal |
| 12:15 | alucard4566 · wall_segment Stone Wall x4 |
| 12:16 | alucard4566 · wall_segment Stone Wall x1 |
| 12:35 | obamama · first_building Barracks |
| 13:39 | obamama · first_building Stable |
| 14:47 | SuperNoob · age_up castle |
| 14:56 | EzZzE14 ⭐⭐⭐ · age_up castle |
| 15:36 | Kamrul007 · age_up castle |
| 15:41 | EzZzE14 ⭐⭐⭐ · first_building Castle |
| 16:26 | EzZzE14 ⭐⭐⭐ · first_market_buy 100 stone |
| 16:30 | Thorin Escudo de Roble · first_market_buy 100 food |
| 16:47 | obamama · age_up castle |
| 16:49 | obamama · first_building Monastery |
| 17:29 | MorikawaKouichi · age_up castle |
| 17:38 | alucard4566 · first_market_sell 100 stone |
| 17:39 | alucard4566 · first_market_buy 100 food |
| 17:40 | MorikawaKouichi · first_building Castle |
| 18:55 | MorikawaKouichi · first_building Siege Workshop |
| 19:28 | obamama · first_market_sell 100 food |
| 20:02 | Thorin Escudo de Roble · age_up castle |
| 20:39 | alucard4566 · age_up castle |
| 21:12 | BIGBALZIE · first_building Barracks |
| 21:27 | alucard4566 · wall_segment Stone Wall x1 |
| 21:28 | obamama · first_market_buy 100 food |
| 21:28 | alucard4566 · wall_segment Stone Wall x1 |
| 21:44 | SuperNoob · first_building Monastery |
| 21:55 | Thorin Escudo de Roble · wall_segment Stone Wall x7 |
| 22:07 | EzZzE14 ⭐⭐⭐ · first_building Monastery |
| 22:08 | Thorin Escudo de Roble · wall_segment Stone Wall x6 |
| 22:12 | Thorin Escudo de Roble · wall_segment Stone Wall x7 |
| 22:22 | Thorin Escudo de Roble · wall_segment Stone Wall x7 |
| 23:29 | SuperNoob · wall_segment Stone Wall x1 |
| 23:30 | SuperNoob · wall_segment Stone Wall x1 |
| 23:32 | Thorin Escudo de Roble · wall_segment Stone Wall x5 |
| 24:07 | Thorin Escudo de Roble · wall_segment Stone Wall x4 |
| 24:11 | Thorin Escudo de Roble · wall_segment Stone Wall x4 |
| 24:12 | Thorin Escudo de Roble · wall_segment Stone Wall x1 |
| 24:42 | EzZzE14 ⭐⭐⭐ · first_market_sell 100 wood |
| 24:51 | BIGBALZIE · first_market_buy 100 stone |
| 25:18 | BIGBALZIE · first_building Stable |
| 25:20 | SuperNoob · first_building Castle |
| 25:45 | Thorin Escudo de Roble · first_building Monastery |
| 27:15 | alucard4566 · first_building Castle |
| 27:32 | SuperNoob · first_building Stable |
| 27:49 | Thorin Escudo de Roble · first_building Barracks |
| 28:02 | Kamrul007 · first_building Monastery |
| 28:46 | alucard4566 · first_building Barracks |
| 29:01 | SuperNoob · age_up imperial |
| 29:23 | Thorin Escudo de Roble · first_building Castle |
| 29:41 | alucard4566 · first_building Archery Range |
| 29:57 | EzZzE14 ⭐⭐⭐ · wall_segment Stone Wall x4 |
| 30:03 | Thorin Escudo de Roble · age_up imperial |
| 30:16 | MorikawaKouichi · first_building Barracks |
| 30:23 | SuperNoob · tribute_sent a jugador 1 |
| 30:23 | SuperNoob · tribute_sent a jugador 2 |
| 30:23 | SuperNoob · tribute_sent a jugador 3 |
| 30:23 | SuperNoob · tribute_sent a jugador 4 |
| 30:23 | SuperNoob · tribute_sent a jugador 5 |
| 30:23 | SuperNoob · tribute_sent a jugador 7 |
| 30:23 | SuperNoob · tribute_sent a jugador 8 |
| 30:33 | Thorin Escudo de Roble · tribute_sent a jugador 1 |
| 30:33 | Thorin Escudo de Roble · tribute_sent a jugador 3 |
| 30:33 | Thorin Escudo de Roble · tribute_sent a jugador 4 |
| 30:33 | Thorin Escudo de Roble · tribute_sent a jugador 5 |
| 30:33 | Thorin Escudo de Roble · tribute_sent a jugador 6 |
| 30:33 | Thorin Escudo de Roble · tribute_sent a jugador 7 |
| 30:33 | Thorin Escudo de Roble · tribute_sent a jugador 8 |
| 30:46 | BIGBALZIE · first_market_sell 100 wood |
| 31:02 | BIGBALZIE · first_building Castle |
| 31:07 | MorikawaKouichi · age_up imperial |
| 31:17 | Kamrul007 · first_building Castle |
| 32:10 | alucard4566 · age_up imperial |
| 32:29 | Kamrul007 · age_up imperial |
| 32:45 | SuperNoob · first_building Siege Workshop |
| 34:01 | BIGBALZIE · tribute_sent a jugador 1 |
| 34:01 | BIGBALZIE · tribute_sent a jugador 2 |
| 34:01 | BIGBALZIE · tribute_sent a jugador 3 |
| 34:01 | BIGBALZIE · tribute_sent a jugador 5 |
| 34:01 | BIGBALZIE · tribute_sent a jugador 6 |
| 34:01 | BIGBALZIE · tribute_sent a jugador 7 |
| 34:01 | BIGBALZIE · tribute_sent a jugador 8 |
| 34:05 | alucard4566 · first_building Siege Workshop |
| 34:08 | Thorin Escudo de Roble · tribute_sent a jugador 1 |
| 34:08 | Thorin Escudo de Roble · tribute_sent a jugador 3 |
| 34:08 | Thorin Escudo de Roble · tribute_sent a jugador 4 |
| 34:08 | Thorin Escudo de Roble · tribute_sent a jugador 5 |
| 34:08 | Thorin Escudo de Roble · tribute_sent a jugador 6 |
| 34:08 | Thorin Escudo de Roble · tribute_sent a jugador 7 |
| 34:08 | Thorin Escudo de Roble · tribute_sent a jugador 8 |
| 34:25 | Kamrul007 · first_building Siege Workshop |
| 34:52 | obamama · first_building Castle |
| 34:59 | EzZzE14 ⭐⭐⭐ · age_up imperial |
| 35:15 | obamama · age_up imperial |
| 35:23 | EzZzE14 ⭐⭐⭐ · wall_segment Stone Wall x1 |
| 35:42 | EzZzE14 ⭐⭐⭐ · wall_segment Stone Wall x1 |
| 36:49 | SuperNoob · first_market_buy 100 wood |
| 36:54 | EzZzE14 ⭐⭐⭐ · wall_segment Stone Wall x1 |
| 36:56 | EzZzE14 ⭐⭐⭐ · wall_segment Stone Wall x2 |
| 36:56 | EzZzE14 ⭐⭐⭐ · wall_segment Stone Wall x1 |
| 37:46 | EzZzE14 ⭐⭐⭐ · wall_segment Stone Wall x1 |
| 38:44 | BIGBALZIE · tribute_sent a jugador 1 |
| 38:44 | BIGBALZIE · tribute_sent a jugador 2 |
| 38:44 | BIGBALZIE · tribute_sent a jugador 3 |
| 38:44 | BIGBALZIE · tribute_sent a jugador 5 |
| 38:44 | BIGBALZIE · tribute_sent a jugador 6 |
| 38:44 | BIGBALZIE · tribute_sent a jugador 7 |
| 38:44 | BIGBALZIE · tribute_sent a jugador 8 |
| 39:45 | SuperNoob · first_market_sell 500 food |
| 43:08 | EzZzE14 ⭐⭐⭐ · first_building Siege Workshop |
| 43:12 | MorikawaKouichi · wall_segment Stone Wall x5 |
| 44:31 | BIGBALZIE · resign |
[ AI ANALYSIS · 1 CREDIT ]
What really happened in this match?
Wolo.gg analyzes every decision: build order, eco, micro, common mistakes by bracket. Personalized analysis on WhatsApp or Discord in 30 seconds.
Civ guide
Bohemians
Map guide
Arena
Perfil
MorikawaKouichi